 Dungeon Crawl Stone Soup version 0.28.0-1-gb440e238dd (webtiles) character file.

Game seed: 18361659802558203799

2149 fragbeetle the Quickloader (level 9, -1/84 HPs)
             Began as a Minotaur Hunter on Feb 24, 2022.
             Slain by a black bear (3 damage)
             ... on level 6 of the Dungeon.
             The game lasted 00:07:55 (5969 turns).

fragbeetle the Quickloader (Minotaur Hunter)        Turns: 5969, Time: 00:07:56

Health: -1/84      AC:  8    Str: 19    XL:     9   Next: 9%
Magic:  8/8        EV: 11    Int:  8    God:
Gold:   560        SH:  0    Dex: 13    Spells: 8/8 levels left

rFire   . . .      SeeInvis .   b - +1 club (spect)
rCold   . . .      Faith    .   (no shield)
rNeg    . . .      Spirit   .   q - +0 acid dragon scales
rPois   .          Reflect  .   (helmet restricted)
rElec   .          Harm     .   e - +0 cloak
rCorr   +          Rampage  .   f - +0 pair of gloves
Will    .....                   (no boots)
Stlth   +.........              (no amulet)
HPRegen 0.24/turn               (no ring)
MPRegen 0.11/turn               (no ring)

@: on berserk cooldown, slowed, very slow
A: horns 2, retaliatory headbutt
a: no special abilities


You were on level 6 of the Dungeon.
You visited 1 branch of the dungeon, and saw 6 of its levels.
You also visited: Ossuary.

You collected 560 gold pieces.

Inventory:

Hand Weapons
 a - a +1 hand crossbow
 b - a +1 spectral club (weapon)
 i - a +0 short sword
Missiles
 d - 57 bolts
 s - 2 poisoned darts (quivered)
Armour
 e - a +0 cloak (worn)
 f - a +0 pair of gloves (worn)
 p - a +0 troll leather armour {Pargi}
 q - +0 acid dragon scales (worn)
Jewellery
 o - a +6 ring of dexterity
 r - a +6 ring of strength
Wands
 c - a wand of paralysis (7)
 n - a wand of flame (22)
 y - a wand of acid (13)
Scrolls
 g - a scroll of enchant weapon {unknown}
 j - 3 scrolls of identify {unknown}
 k - 2 scrolls of noise {unknown}
 m - a scroll of torment {unknown}
 x - 3 scrolls of fog {unknown}
 z - a scroll of immolation {unknown}
 A - a scroll of holy word {unknown}
 B - a scroll of teleportation {unknown}
Potions
 h - a potion of haste {unknown}
 l - 2 potions of curing {unknown}
 t - a potion of mutation {unknown}
 u - 2 potions of experience {unknown}
 v - 2 potions of heal wounds {unknown}
 w - a potion of brilliance {unknown}


   Skills:
 + Level 9.6 Fighting
 - Level 5.0 Maces & Flails
 - Level 10.0 Crossbows
 - Level 2.1 Dodging
 - Level 0.7 Stealth


You had 8 spell levels left.
You didn't know any spells.
Your spell library contained the following spells:

 Spells                   Type           Power      Damage    Failure   Level
 Foxfire                  Conj/Fire      0%         2x1d4     50%         1
 Sting                    Tmut/Pois      0%         1d3       50%         1
 Poisonous Vapours        Pois/Air       0%         N/A       65%         2
 Conjure Flame            Conj/Fire      0%         6-21      86%         3
 Inner Flame              Hex/Fire       0%         N/A       86%         3
 Cause Fear               Hex            0%         N/A       99%         4
 Flame Wave               Conj/Fire      0%         2d4       99%         4
 Olgreb's Toxic Radiance  Pois           0%         N/A       99%         4
 Discord                  Hex            0%         N/A       100%        8


Dungeon Overview and Level Annotations

Branches:
Dungeon (6/15)            Ossuary (visited)
 Temple: D:4-7

Altars:
Kikubaaqudgha
Wu Jian
Yredelemnul


Innate Abilities, Weirdness & Mutations

You have a pair of horns on your head.
You reflexively headbutt those who attack you in melee.


Message History

The vampire mosquito is heavily damaged.
The vampire mosquito bites you but does no damage.
The vampire mosquito misses you. You furiously retaliate!
You headbutt the vampire mosquito! You barely miss the vampire mosquito.
Your headbutt misses the vampire mosquito.
The vampire mosquito is severely damaged.
The vampire mosquito closely misses you.
You furiously retaliate!
You headbutt the vampire mosquito. You sock the vampire mosquito!
You destroy the vampire mosquito!
Your Fighting skill increases to level 9!
You have reached level 9!
Your experience leads to an increase in your attributes!
Increase (S)trength, (I)ntelligence, or (D)exterity?
You feel stronger. x2
You sock the vampire mosquito!
The vampire mosquito is moderately damaged.
The vampire mosquito barely misses you. The vampire mosquito bites you!
* * * LOW HITPOINT WARNING * * *
The vampire mosquito draws strength from your injuries!
You closely miss the vampire mosquito.
Your headbutt misses the vampire mosquito.
The vampire mosquito is lightly damaged.
The vampire mosquito barely misses you. You furiously retaliate!
You headbutt the vampire mosquito! You closely miss the vampire mosquito.
You headbutt the vampire mosquito!
The vampire mosquito is almost destroyed.
The vampire mosquito bites you.
* * * LOW HITPOINT WARNING * * *
The vampire mosquito draws strength from your injuries!
You hit the vampire mosquito. You headbutt the vampire mosquito.
You destroy the vampire mosquito!
You are no longer berserk.
You are exhausted.
You feel yourself slow down.
The black bear bites you but does no damage.
The black bear claws you but does no damage.
The black bear claws you.
You die...

..'........
.##....######
.##..........
.####..<..### .#
.#..'.....+ .#
.#.##.....# ######.#
.#.##.....# #....#.#
.#.##########.##.#.#
.#............##@#.#
###############h#.#
.......†..#
#######.### #'# ...
...## ....# .....#


You could see a black bear.

Vanquished Creatures
  Pikel (D:4)
  Sigmund (D:4)
  4 vampire mosquitoes (D:6)
  Pargi (D:3)
  2 ogres
  2 centaurs (D:5)
  An elf zombie (Ossuary)
  A lemure (D:4)
  A human zombie (Ossuary)
  A bullfrog zombie (D:5)
  2 centaur zombies
  A hound (D:5)
  An orc priest (D:6)
  Jessica (D:2)
  3 iguanas
  An orc wizard (D:6)
  2 hound skeletons
  3 mummies
  4 adders
  A white imp (D:5)
  An ufetubus (D:4)
  A worm (D:2)
  2 dart slugs (D:2)
  11 orcs
  14 endoplasms
  4 giant cockroaches
  3 gnoll zombies (Ossuary)
  7 goblins
  4 hobgoblins
  2 quokkas
  10 ball pythons
  4 bats
  3 frilled lizards
  4 goblin zombies
  A hobgoblin zombie (Ossuary)
  7 kobolds
  A kobold zombie (D:5)
  4 orc zombies (Ossuary)
  9 rats
126 creatures vanquished.

Notes
Turn   | Place    | Note
-------+----------+-------------------------------------------
     0 | D:1      | fragbeetle the Minotaur Hunter began the quest for the Orb.
     0 | D:1      | Reached XP level 1. HP: 18/18 MP: 0/0
   136 | D:1      | Reached XP level 2. HP: 25/25 MP: 1/1
   153 | D:1      | Reached skill level 5 in Crossbows
   223 | D:1      | Found a faded altar of an unknown god.
   663 | D:1      | Reached XP level 3. HP: 27/30 MP: 2/2
  1111 | D:2      | Reached skill level 6 in Crossbows
  1112 | D:2      | Noticed Jessica
  1123 | D:2      | Killed Jessica
  1124 | D:2      | Reached XP level 4. HP: 10/37 MP: 3/3
  2150 | D:3      | Noticed Pargi
  2158 | D:3      | Killed Pargi
  2159 | D:3      | Reached skill level 7 in Crossbows
  2159 | D:3      | Reached XP level 5. HP: 34/42 MP: 4/4
  2258 | D:3      | Found a basalt altar of Yredelemnul.
  2418 | D:3      | Found an ancient bone altar of Kikubaaqudgha.
  2427 | D:3      | Found an ornate altar of the Wu Jian Council.
  2968 | D:4      | Noticed Sigmund
  2981 | D:4      | HP: 2/42 [something (2)]
  2986 | D:4      | Killed Sigmund
  2987 | D:4      | Reached skill level 8 in Crossbows
  2987 | D:4      | Reached XP level 6. HP: 6/50 MP: 5/5
  3570 | D:4      | Reached skill level 9 in Crossbows
  3570 | D:4      | Reached XP level 7. HP: 32/56 MP: 6/6
  3921 | D:4      | Noticed Pikel
  3942 | D:4      | Killed Pikel
  3943 | D:4      | Reached skill level 10 in Crossbows
  3943 | D:4      | Reached skill level 5 in Fighting
  4378 | D:5      | Entered Level 5 of the Dungeon
  4404 | D:5      | Reached XP level 8. HP: 45/70 MP: 7/7
  4478 | D:5      | Found a sand-covered staircase.
  4527 | Ossuary  | Entered an ossuary
  4583 | Ossuary  | Reached skill level 1 in Maces & Flails
  5143 | D:5      | Reached skill level 5 in Maces & Flails
  5965 | D:6      | Reached XP level 9. HP: 12/83 MP: 8/8
  5965 | D:6      | HP: 4/124 [vampire mosquito (9)]
  5969 | D:6      | Slain by a black bear

Illustrated notes

Levels and vault maps discovered:
D:1:      dpeg_arrival_tiny_i, layout_rooms, basic_ecumenical_altar,
          minmay_hexomino_u4
D:2:      layout_basic, uniq_jessica
D:3:      layout_loops_ring, lemuel_tele_altar, grunt_temple_overflow_open,
          uniq_pargi
D:4:      layout_basic, serial_glass, glass_columns_a, glass_columns_a,
          feat_on_display, item_on_display_a, kennysheep_path_1, uniq_pikel,
          uniq_sigmund
D:5:      layout_rooms, nicolae_ossuary_entry_giza, minmay_misc_feat_alley
D:6:      layout_basic, amcnicky_altar_gilded, hangedman_decor_push

Skill      XL: |  1  2  3  4  5  6  7  8 |
---------------+-------------------------+-----
Crossbows      | 5 6 7 8 9 10 | 10.0
Fighting       | 6 9 |  9.6
Maces & Flails | 5 |  5.0
Dodging        | |  2.1
Stealth        | |  0.7

Action                   |  1- 3 |  4- 6 |  7- 9 || total
-------------------------+-------+-------+-------++-------
Melee: Short sword       |    68 |     1 |       ||    69
       Headbutt          |    12 |    15 |    34 ||    61
       Punch             |     2 |       |     1 ||     3
       Club              |       |    84 |   140 ||   224
 Fire: Hand crossbow     |    25 |       |       ||    25
Evoke: Wand              |       |     5 |       ||     5
  Use: Potion            |       |     1 |     1 ||     2
 Stab: Sleeping          |       |     3 |       ||     3
       Distracted        |       |     1 |     1 ||     2
Armor: Leather armour    |    24 |     9 |       ||    33
       Acid dragon scale |       |    14 |    63 ||    77
Dodge: Dodged            |    52 |    35 |    92 ||   179
